BSA
VISTA PANTHERS @ MAUI TROPICS
09/22/2030
 
TOP OF THE 1ST
Vista Panthers batting - Pitching for Maui Tropics : RHP Cliff Erwin
Pitching: RHP Cliff Erwin
Batting: RHB Stephen Wilson 0-0: Ground out U3 (Groundball, 3)
Batting: LHB Clyde Yarbrough 0-0: Ball
1-0: Ball
2-0: Called Strike
2-1: Called Strike
2-2: SINGLE (Groundball, 3D)
Batting: RHB Jake Reeves 0-0: Grounds into double play, 6-4-3 (Groundball, 6)
Top of the 1st over - 0 runs, 1 hit, 0 errors, 0 left on base; Vista 0 - Maui 0
BOTTOM OF THE 1ST
Maui Tropics batting - Pitching for Vista Panthers : RHP Dillon Nelson
Pitching: RHP Dillon Nelson
Batting: LHB Warren Potter 0-0: Swinging Strike
0-1: Ball
1-1: Swinging Strike
1-2: Strikes out swinging
Batting: LHB Dave Cook 0-0: Ball
1-0: SINGLE (Flyball, 7LS)
Batting: RHB Jesús Espinoza 0-0: Swinging Strike
0-1: Swinging Strike
0-2: Strikes out swinging
Batting: RHB Luis Alou 0-0: Called Strike
0-1: Called Strike
0-2: Strikes out swinging
Bottom of the 1st over - 0 runs, 1 hit, 0 errors, 1 left on base; Vista 0 - Maui 0
TOP OF THE 2ND
Vista Panthers batting - Pitching for Maui Tropics : RHP Cliff Erwin
Batting: LHB Dante Owens 0-0: Called Strike
0-1: Foul Ball, location: 2F
0-2: Ball
1-2: Foul Ball, location: 2F
1-2: Foul Ball, location: 2F
1-2: Ball
2-2: Fly out, F7 (Flyball, 7LM)
Batting: LHB Noriaki Sangi 0-0: Called Strike
0-1: Ball
1-1: Foul Ball, location: 2F
1-2: SINGLE (Line Drive, 3L)
Batting: RHB Luis Ríos 0-0: Ball
1-0: Swinging Strike
1-1: Foul Ball, location: 2F
1-2: DOUBLE (Line Drive, 9LM)
Noriaki Sangi to third
Pinch Runner at 2nd Victor Andrews:
Batting: RHB Justin Burgess 0-0: Ball
1-0: Ball
Passed Ball!
Noriaki Sangi scores
Victor Andrews to third
2-0: Foul Ball, location: 2F
2-1: Foul Ball, location: 2F
2-2: Foul Ball, location: 2F
2-2: Foul Ball, location: 2F
2-2: Foul Ball, location: 2F
2-2: Foul Ball, location: 2F
2-2: 2-RUN HOME RUN (Flyball, 7D), Distance : 367 ft
Batting: RHB Phil Matthews 0-0: Called Strike
0-1: Called Strike
0-2: Reached on error, E8 (Flyball, 8RS)
Batting: LHB Ramiro Martínez 0-0: Swinging Strike
0-1: Foul Ball, location: 2F
0-2: Strikes out looking
Batting: RHB Stephen Wilson 0-0: Fly out, F8 (Line Drive, 8LM)
Top of the 2nd over - 3 runs, 3 hits, 1 error, 1 left on base; Vista 3 - Maui 0
BOTTOM OF THE 2ND
Maui Tropics batting - Pitching for Vista Panthers : RHP Dillon Nelson
Now at C: Victor Andrews
Batting: LHB Luis Antonio Torres 0-0: Swinging Strike
0-1: Swinging Strike
0-2: Ball
1-2: Foul Ball, location: 2F
1-2: Strikes out swinging
Batting: RHB José Rodríguez 0-0: Ground out 6-3 (Groundball, 6M)
Batting: RHB Michael Woodruff 0-0: Ball
1-0: Ball
2-0: Ground out 3-1 (Groundball, 34)
Bottom of the 2nd over - 0 runs, 0 hits, 0 errors, 0 left on base; Vista 3 - Maui 0
TOP OF THE 3RD
Vista Panthers batting - Pitching for Maui Tropics : RHP Cliff Erwin
Batting: LHB Clyde Yarbrough 0-0: DOUBLE (Line Drive, 9LM)
Batting: RHB Jake Reeves 0-0: Hit by Pitch
Batting: LHB Dante Owens 0-0: Called Strike
0-1: Ball
1-1: Ball
2-1: Ball
3-1: Called Strike
3-2: Base on Balls
Clyde Yarbrough to third
Jake Reeves to second
Batting: LHB Noriaki Sangi 0-0: Called Strike
0-1: Ball
1-1: Swinging Strike
1-2: Strikes out swinging
Batting: RHB Victor Andrews 0-0: Called Strike
0-1: Ball
1-1: Foul Ball, location: 2F
1-2: Ball
2-2: Foul Ball, location: 2F
2-2: Ball
3-2: Base on Balls
Clyde Yarbrough scores
Jake Reeves to third
Dante Owens to second
Batting: RHB Justin Burgess 0-0: DOUBLE (Flyball, 89D)
Jake Reeves scores
Dante Owens scores
Victor Andrews to third
Runner from 3rd tries for Home, SAFE, throw made at trailing runner, OUT at third!
Batting: RHB Phil Matthews 0-0: Ball
1-0: DOUBLE (Flyball, 8RXD)
Batting: LHB Ramiro Martínez 0-0: Swinging Strike
0-1: Swinging Strike
0-2: Ball
1-2: Foul Ball, location: 2F
1-2: Ball
2-2: Strikes out swinging
Top of the 3rd over - 4 runs, 3 hits, 0 errors, 1 left on base; Vista 7 - Maui 0
BOTTOM OF THE 3RD
Maui Tropics batting - Pitching for Vista Panthers : RHP Dillon Nelson
Batting: RHB Matt Silver 0-0: Ball
1-0: Foul Ball, location: 2F
1-1: Ball
2-1: Reached on error, E5 (Groundball, 5)
Batting: RHB Bo Vickers 0-0: Called Strike
0-1: Called Strike
0-2: Ball
1-2: Foul Ball, location: 2F
1-2: Strikes out swinging
Batting: LHB Warren Potter 0-0: Fielders Choice at 2nd, 3-6 (Groundball, 3)
Batting: LHB Dave Cook 0-0: Ball
1-0: Called Strike
Warren Potter steals 2nd base
1-1: Called Strike
1-2: Ball
2-2: Ball
3-2: Base on Balls
Batting: RHB Jesús Espinoza 0-0: SINGLE (Groundball, 4MD)
Warren Potter to third
Dave Cook to second
Runner from 3rd tries for Home, SAFE, no throw
Batting: RHB Luis Alou 0-0: Fly out, F5 (Popup, 5SF)
Bottom of the 3rd over - 1 run, 1 hit, 1 error, 2 left on base; Vista 7 - Maui 1
TOP OF THE 4TH
Vista Panthers batting - Pitching for Maui Tropics : RHP Cliff Erwin
Batting: RHB Stephen Wilson 0-0: Ball
1-0: Ball
2-0: Called Strike
2-1: Ball
3-1: Called Strike
3-2: Base on Balls
Batting: LHB Clyde Yarbrough 0-0: Ball
1-0: DOUBLE (Line Drive, 9LM)
Stephen Wilson to third
Runner from 3rd tries for Home, throw and OUT!
Batting: RHB Jake Reeves 0-0: Called Strike
0-1: Ball
1-1: Ball
2-1: Foul Ball, location: 2F
2-2: Foul Ball, location: 2F
2-2: Strikes out swinging
Batting: LHB Dante Owens 0-0: Ball
1-0: Ground out U3 (Groundball, 3L)
Top of the 4th over - 0 runs, 1 hit, 0 errors, 1 left on base; Vista 7 - Maui 1
BOTTOM OF THE 4TH
Maui Tropics batting - Pitching for Vista Panthers : RHP Dillon Nelson
Batting: LHB Luis Antonio Torres 0-0: Ball
1-0: Foul Ball, location: 2F
1-1: Ground out 6-3 (Groundball, 6)
Batting: RHB José Rodríguez 0-0: Ball
1-0: Called Strike
1-1: Ball
2-1: Fly out, F8 (Flyball, 78XD)
Batting: RHB Michael Woodruff 0-0: Ball
1-0: Ball
2-0: Ball
3-0: Called Strike
3-1: Swinging Strike
3-2: Base on Balls
Batting: RHB Matt Silver 0-0: Swinging Strike
0-1: Ball
1-1: Fielders Choice at 2nd, 6-4 (Groundball, 6)
Bottom of the 4th over - 0 runs, 0 hits, 0 errors, 1 left on base; Vista 7 - Maui 1
TOP OF THE 5TH
Vista Panthers batting - Pitching for Maui Tropics : RHP Cliff Erwin
Batting: LHB Noriaki Sangi 0-0: Ball
1-0: Called Strike
1-1: Swinging Strike
1-2: Fly out, F5 (Flyball, 5D)
Batting: RHB Victor Andrews 0-0: Ground out 5-3 (Groundball, 56)
Batting: RHB Justin Burgess 0-0: Ball
1-0: Called Strike
1-1: Ball
2-1: SINGLE (Line Drive, 6M)
Batting: RHB Phil Matthews 0-0: Called Strike
0-1: Called Strike
0-2: Ball
1-2: Strikes out swinging
Top of the 5th over - 0 runs, 1 hit, 0 errors, 1 left on base; Vista 7 - Maui 1
BOTTOM OF THE 5TH
Maui Tropics batting - Pitching for Vista Panthers : RHP Dillon Nelson
Batting: RHB Bo Vickers 0-0: Ball
1-0: Foul Ball, location: 2F
1-1: Ball
2-1: Called Strike
2-2: Ball
3-2: Strikes out swinging
Batting: LHB Warren Potter 0-0: Called Strike
0-1: Called Strike
0-2: Ball
1-2: Strikes out swinging
Batting: LHB Dave Cook 0-0: Called Strike
0-1: Foul Ball, location: 2F
0-2: SOLO HOME RUN (Flyball, 9LD), Distance : 349 ft
Batting: RHB Jesús Espinoza 0-0: Ball
1-0: Called Strike
1-1: Ball
2-1: Foul Ball, location: 2F
2-2: SINGLE (Line Drive, 89S)
Batting: RHB Luis Alou 0-0: Ball
1-0: Ball
2-0: SINGLE (Line Drive, 8LS)
Jesús Espinoza to second
Batting: LHB Luis Antonio Torres 0-0: Ball
1-0: Swinging Strike
1-1: Called Strike
1-2: Foul Ball, location: 2F
1-2: Ball
2-2: Strikes out swinging
Bottom of the 5th over - 1 run, 3 hits, 0 errors, 2 left on base; Vista 7 - Maui 2
TOP OF THE 6TH
Vista Panthers batting - Pitching for Maui Tropics : RHP Cliff Erwin
Pitching: RHP Denny Green
Batting: LHB Ramiro Martínez 0-0: Foul Ball, location: 2F
0-1: Ball
1-1: Swinging Strike
1-2: Ball
2-2: Foul Ball, location: 2F
2-2: Strikes out swinging
Batting: RHB Stephen Wilson 0-0: Ball
1-0: Ball
2-0: Foul Ball, location: 2F
2-1: Ball
3-1: Foul Ball, location: 2F
3-2: Ground out 6-3 (Groundball, 6)
Batting: LHB Clyde Yarbrough 0-0: Ball
1-0: Foul Ball, location: 2F
1-1: Foul Ball, location: 2F
1-2: Ball
2-2: SINGLE (Groundball, 6MS) (infield hit)
Batting: RHB Jake Reeves 0-0: Called Strike
0-1: Foul Ball, location: 2F
0-2: Ball
Clyde Yarbrough steals 2nd base
1-2: Foul Ball, location: 2F
1-2: Foul Ball, location: 2F
1-2: Foul Ball, location: 2F
1-2: Strikes out looking
Top of the 6th over - 0 runs, 1 hit, 0 errors, 1 left on base; Vista 7 - Maui 2
BOTTOM OF THE 6TH
Maui Tropics batting - Pitching for Vista Panthers : RHP Dillon Nelson
Batting: RHB José Rodríguez 0-0: Ball
1-0: Ball
2-0: Ground out 5-3 (Groundball, 5S)
Batting: RHB Michael Woodruff 0-0: Fly out, F7 (Flyball, 7LD)
Batting: RHB Matt Silver 0-0: Called Strike
0-1: Called Strike
0-2: Fly out, F7 (Flyball, 78D)
Bottom of the 6th over - 0 runs, 0 hits, 0 errors, 0 left on base; Vista 7 - Maui 2
TOP OF THE 7TH
Vista Panthers batting - Pitching for Maui Tropics : RHP Denny Green
Batting: LHB Dante Owens 0-0: Ball
1-0: Fly out, F8 (Flyball, 8LD)
Batting: LHB Noriaki Sangi 0-0: Called Strike
0-1: Ball
1-1: Ball
2-1: Ball
3-1: Base on Balls
Batting: RHB Victor Andrews 0-0: Foul Ball, location: 2F
0-1: Ground out 5-3 (Groundball, 56S)
Noriaki Sangi to second
Batting: RHB Justin Burgess 0-0: Called Strike
0-1: Foul Ball, location: 2F
0-2: Ball
1-2: Foul Ball, location: 2F
1-2: Foul Ball, location: 2F
1-2: Fly out, F7 (Flyball, 78M)
Top of the 7th over - 0 runs, 0 hits, 0 errors, 1 left on base; Vista 7 - Maui 2
BOTTOM OF THE 7TH
Maui Tropics batting - Pitching for Vista Panthers : RHP Dillon Nelson
Now at 1B: Francisco Medina
Batting: RHB Bo Vickers 0-0: Ball
1-0: Ground out 6-3 (Groundball, 6MD)
Batting: LHB Warren Potter 0-0: Ball
1-0: Ball
2-0: Ball
3-0: Called Strike
3-1: Ground out 3-1 (Groundball, 34)
Batting: LHB Dave Cook 0-0: Ball
1-0: Ball
2-0: Ground out 4-3 (Groundball, 34D)
Bottom of the 7th over - 0 runs, 0 hits, 0 errors, 0 left on base; Vista 7 - Maui 2
TOP OF THE 8TH
Vista Panthers batting - Pitching for Maui Tropics : RHP Denny Green
Batting: RHB Phil Matthews 0-0: Ball
1-0: Ball
2-0: Ball
3-0: Called Strike
3-1: Base on Balls
Batting: LHB Ramiro Martínez 0-0: Called Strike
0-1: Ball
1-1: Swinging Strike
1-2: Ball
2-2: 2-RUN HOME RUN (Flyball, 9LD), Distance : 342 ft
Batting: RHB Stephen Wilson 0-0: Ball
1-0: Called Strike
1-1: Fly out, F5 (Line Drive, 5S)
Batting: LHB Clyde Yarbrough 0-0: Ball
1-0: Called Strike
1-1: Ball
2-1: Ball
3-1: Base on Balls
Batting: RHB Jake Reeves 0-0: Ball
1-0: Grounds into double play, 5-4-3 (Groundball, 5L)
Top of the 8th over - 2 runs, 1 hit, 0 errors, 0 left on base; Vista 9 - Maui 2
BOTTOM OF THE 8TH
Maui Tropics batting - Pitching for Vista Panthers : RHP Dillon Nelson
Batting: RHB Jesús Espinoza 0-0: Swinging Strike
0-1: Ball
1-1: Foul Ball, location: 2F
1-2: Foul Ball, location: 2F
1-2: Strikes out swinging
Batting: RHB Luis Alou 0-0: Ball
1-0: Ball
2-0: Called Strike
2-1: Foul Ball, location: 2F
2-2: Ball
3-2: Strikes out looking
Batting: LHB Luis Antonio Torres 0-0: Ball
1-0: Foul Ball, location: 2F
1-1: Called Strike
1-2: Ball
2-2: Fly out, F7 (Line Drive, 7S)
Bottom of the 8th over - 0 runs, 0 hits, 0 errors, 0 left on base; Vista 9 - Maui 2
TOP OF THE 9TH
Vista Panthers batting - Pitching for Maui Tropics : RHP Denny Green
Batting: LHB Dante Owens 0-0: Ball
1-0: Ball
2-0: Fly out, F9 (Flyball, 89M)
Batting: LHB Francisco Medina 0-0: Ball
1-0: Ball
2-0: Ball
3-0: Called Strike
3-1: Foul Ball, location: 2F
3-2: Ground out U3 (Groundball, 3)
Batting: RHB Victor Andrews 0-0: SINGLE (Groundball, 56D)
Batting: RHB Justin Burgess 0-0: Ball
1-0: Swinging Strike
1-1: Fielders Choice at 2nd, 6-4 (Groundball, 6)
Top of the 9th over - 0 runs, 1 hit, 0 errors, 1 left on base; Vista 9 - Maui 2
BOTTOM OF THE 9TH
Maui Tropics batting - Pitching for Vista Panthers : RHP Dillon Nelson
Batting: RHB José Rodríguez 0-0: Ball
1-0: Ground out 4-3 (Groundball, 4)
Batting: RHB Michael Woodruff 0-0: Called Strike
0-1: SINGLE (Line Drive, 7LS)
Pitching: RHP Craig Lewis
Batting: RHB Matt Silver 0-0: Called Strike
0-1: Fly out, F8 (Flyball, 8RS)
Batting: RHB Bo Vickers 0-0: Ball
1-0: Ball
2-0: Called Strike
2-1: Ball
3-1: Foul Ball, location: 2F
3-2: Ground out 5-3 (Groundball, 56)
Bottom of the 9th over - 0 runs, 1 hit, 0 errors, 1 left on base; Vista 9 - Maui 2
Saturday, April 7th, 2018 - OOTP Baseball 18.8 Build 76